 Dungeon Crawl Stone Soup version 0.27.1-37-g7b29ead8ac (console) character file.

Game seed: 9301301683174794752

21495 grimtooth the Fighter (level 12, -4/95 HPs)
             Began as a Mummy Summoner on May 25, 2023.
             Was an Elder of Kikubaaqudgha.
             Slain by a catoblepas (24 damage)
             ... on level 4 of the Lair of Beasts.
             The game lasted 03:15:43 (23799 turns).

grimtooth the Fighter (Mummy Summoner)             Turns: 23799, Time: 03:15:45

Health: -4/95      AC:  8    Str: 12    XL:     12   Next: 54%
Magic:  19/25      EV: 12    Int: 27    God:    Kikubaaqudgha [****..]
Gold:   1014       SH:  0    Dex: 17    Spells: 9/29 levels left

rFire    . . .     SeeInvis .   b - +7 quarterstaff {vamp, rC+ Will+ Int+3 Dex+4}
rCold    + + +     Faith    +   (shield currently unavailable)
rNeg     + + +     Spirit   .   U - +1 robe {rC+ rF+} rPois โˆž Reflect .
                                Q - +0 helmet
rElec    .         Harm     .   V - +1 cloak {rC+}
rCorr    .         Rampage  .   z - +1 pair of gloves
Will     ++...                  (no boots)
Stlth    ++++......             A - amulet of faith
HPRegen  0.25/turn              y - +6 ring of intelligence {=R}
MPRegen  0.19/turn              s - ring of Shadows {Umbra +Inv Stlth+}

@: wreathed by umbra
A: cold resistance 1, negative energy resistance 3, torment resistance 2, heat
vulnerability 1, no potions
a: Renounce Religion, Evoke Invisibility, Receive Corpses


You were on level 4 of the Lair of Beasts.
You worshipped Kikubaaqudgha.
Kikubaaqudgha was greatly pleased with you.
You visited 3 branches of the dungeon, and saw 14 of its levels.
You also visited: Sewer, Bailey and Ice Cave.

You collected 1014 gold pieces.

Inventory:

Hand Weapons
 b - the +7 quarterstaff of Var Keg (weapon) {vamp, rC+ Will+ Int+3 Dex+4}
   (You acquired it in a bailey)

   It occasionally heals its wielder for a portion of the damage dealt when it
   wounds a living foe.
   Int:       It affects your intelligence (+3).
   Dex:       It affects your dexterity (+4).
   rC:        It protects you from cold.
   Will:      It increases your willpower.
 p - a +0 whip of draining
 S - a +2 short sword of venom
Missiles
 e - 55 poisoned darts (quivered)
 m - 75 stones
 G - a curare-tipped dart
 K - a throwing net {=f}
Armour
 z - a +1 pair of gloves (worn)
 B - a +0 buckler
 Q - a +0 helmet (worn)
 U - a +1 robe of resistance (worn)
 V - a +1 cloak of cold resistance (worn)
Magical Staves
 a - a staff of death
 O - a staff of air
Jewellery
 d - a ring of resist corrosion
 q - a ring of fire
 s - the ring of Shadows (right hand) {Umbra +Inv Stlth+}
   (You found it on level 6 of the Dungeon)

   [ring of stealth]

   It surrounds you with an aura of shadow, increasing your stealth and reducing
   the accuracy of all within it (including the wearer).
   +Inv:      It lets you turn invisible.
   Stlth:     It makes you more stealthy.
 t - a +6 ring of strength
 y - a +6 ring of intelligence (left hand) {=R}
 A - an amulet of faith (around neck)
 I - the ring of Ochu {Ice Str+2 Int+6}
   (You found it on level 8 of the Dungeon)

   [ring of ice]

   It enhances your ice magic.
   Str:       It affects your strength (+2).
   Int:       It affects your intelligence (+6).
   rF:        It makes you vulnerable to fire.
   rC:        It protects you from cold.
Wands
 l - a wand of iceblast (18)
 F - a wand of polymorph (19)
 P - a wand of paralysis (12)
 T - a wand of charming (9)
Scrolls
 c - 2 scrolls of summoning
 f - 5 scrolls of fog
 g - a scroll of identify {@r4}
 h - 6 scrolls of vulnerability
 j - a scroll of magic mapping
 o - 2 scrolls of fear
 u - a scroll of silence
 H - a scroll of acquirement
 J - 2 scrolls of teleportation
Miscellaneous
 v - a lightning rod (4/4)
 w - a phantom mirror


   Skills:
 - Level 9.0 Fighting
 + Level 6.8 Staves
 - Level 1.5 Dodging
 - Level 1.5 Stealth
 - Level 9.0 Spellcasting
 - Level 3.0 Hexes
 - Level 9.0 Summonings
 - Level 9.0 Necromancy
 - Level 3.0 Air Magic
 - Level 6.0 Evocations


You had 9 spell levels left.
You knew the following spells:

 Your Spells              Type           Power      Damage    Failure   Level
a - Vampiric Draining     Necr           28%        2d10      1%          3
m - Summon Small Mammal   Summ           100%       N/A       1%          1
x - Animate Dead          Necr           28%        N/A       1%          4
L - Summon Guardian Gole  Hex/Summ       44%        N/A       1%          3
M - Call Imp              Summ           57%        N/A       1%          2
N - Call Canine Familiar  Summ           57%        N/A       1%          3
P - Summon Lightning Spi  Summ/Air       44%        N/A       4%          4

Your spell library contained the following spells:

 Spells                   Type           Power      Damage    Failure   Level
 Animate Skeleton         Necr           100%       N/A       1%          1
 Pain                     Necr           100%       1d9       1%          1
 Corpse Rot               Necr/Air       N/A        N/A       1%          2
 Dispel Undead            Necr           57%        3d20      1%          4
 Poisonous Vapours        Pois/Air       40%        N/A       3%          2
 Magic Dart               Conj           48%        1d5       4%          1
 Death Channel            Necr           28%        N/A       19%         6
 Borgnjor's Vile Clutch   Necr/Erth      18%        N/A       21%         5
 Summon Forest            Summ/Tloc      18%        N/A       21%         5
 Summon Hydra             Summ           28%        N/A       69%         7
 Simulacrum               Ice/Necr       18%        N/A       75%         6
 Alistair's Intoxication  Tmut/Pois      8%         N/A       78%         5
 Eringya's Noxious Bog    Tmut/Pois      6%         N/A       100%        6
 Iron Shot                Conj/Erth      6%         9d2       100%        6
 Fire Storm               Conj/Fire      6%         8d2       100%        9


Dungeon Overview and Level Annotations

Branches:
Dungeon (9/15)             Temple (1/1) D:4            Lair (4/6) D:8
 Shoals (0/4) Lair:3        Sewer (visited)          Bailey (visited)
  IceCv (visited)
  Snake: Lair:2-4    Spider: Lair:2-4       Orc: D:9-12

Altars:
Ashenzari
Cheibriados
Dithmenos
Elyvilon
Fedhas
Gozag
Hepliaklqana
Kikubaaqudgha
Makhleb
Nemelex Xobeh
Okawaru
Qazlal
Ru
Sif Muna
Trog
Uskayaw
Wu Jian
Xom
Yredelemnul
Zin
The Shining One

Annotations:
D:9 1 transporter, grimtooth's ghost, novice DjGl
Lair:1 Erica


Innate Abilities, Weirdness & Mutations

You are immune to poison.
Your flesh is cold resistant. (rC+)
You are immune to negative energy. (rN+++)
You are immune to unholy pain and torment.
You are vulnerable to heat. (rF-)
You do not drink.


Message History

Aiming: Iceblast
Press: ? - help, Shift-Dir - straight line, f - catoblepas
Aim: a catoblepas (calcifying dust, heavily wounded, ally target, umbra)
The mass of ice explodes!
The iceblast engulfs the catoblepas!
The catoblepas is severely wounded.
Press: ? - help, v - describe, . - travel
Here: a catoblepas (severely wounded, ally target, umbra)
The floor.
Press: ? - help, v - describe, . - travel
Here: a guardian golem (heavily damaged, summoned, petrified, friendly, umbra)
The floor.
Press: ? - help, v - describe, . - travel
Here: an iron imp (summoned, sheltered from injuries, petrified, friendly)
The floor.
Okay, then.
Casting: Summon Guardian Golem (safe; 1% risk of failure)
Confirm with . or Enter, or press ? or * to list all spells.
Aiming: Vampiric Draining (safe; 1% risk of failure)
Press: ? - help, Shift-Dir - straight line, f/p - catoblepas
Aim: a catoblepas (severely wounded, ally target, umbra)
You draw life force from the catoblepas!
You feel life coursing into your body! The catoblepas gores you!!
* * * LOW HITPOINT WARNING * * *
Your white imp is engulfed in calcifying dust.
Your white imp is moving more slowly.
Your white imp hits the catoblepas but does no damage.
Press: ? - help, v - describe, . - travel
Here: a catoblepas (severely wounded, ally target, umbra)
The floor.
Casting: Vampiric Draining (safe; 1% risk of failure)
Confirm with . or Enter, or press ? or * to list all spells.
Aiming: Vampiric Draining (safe; 1% risk of failure)
Press: ? - help, Shift-Dir - straight line, f/p - catoblepas
Aim: a catoblepas (severely wounded, ally target, umbra)
You draw life force from the catoblepas!
You feel life coursing into your body.
Your guardian golem is no longer petrified.
The catoblepas gores you!!
You die...
Kikubaaqudgha rasps: "You have failed me!
Welcome... oblivion!"

#......###'.##....
##....##..........
#....#.....#.....
#......#...#.#...:.y
###....#.โ™ฃ...####..
####.....#..# ...
#.......## ..#
###......## ..###
#..#..#...##+#.#P#####
###........##..ยง.......#
#.............@.........
#P.......).#..Y5.......#
##......##..+..ยง.......+
#.......####.<.8.(....#
........## ##..5.......#
.......P# #...........#
#......P# ##..####..###
###P#PP## #### ### #####


You could see a catoblepas (ally target), a friendly guardian golem (summoned),
a friendly iron imp (summoned, sheltered, petrified) and a friendly white imp
(summoned, sheltered, petrifying).

Vanquished Creatures
  An ironbound frostheart (IceCv)
  An ugly thing (IceCv)
  A black mamba (Lair:2)
  3 cane toads
  4 rime drakes
  3 polar bears (IceCv)
  A troll (D:6)
  A hornet (D:9)
  7 blink frogs
  10 yaks
  2 steam dragons
  4 water moccasins
  2 black bears
  2 orc warriors
  An ice beast (D:6)
  A sky beast (D:7)
  A boggart (Lair:3)
  2 centaurs
  5 wolves
  5 kobold brigands
  5 bullfrogs
  2 scorpions (D:7)
  9 killer bees (D:8)
  2 wights (D:7)
  A centaur zombie (D:7)
  An orc priest (D:5)
  A hound (D:6)
  A gnoll shaman (D:7)
  2 iguanas
  A hound zombie (D:5)
  A gnoll (D:4)
  3 adders
  A river rat (D:4)
  An adder skeleton (D:4)
  2 worms
  A dart slug (D:3)
  3 orcs
  5 ball pythons
  3 endoplasms
  2 giant cockroaches
  9 hobgoblins
  6 jackals
  A quokka (D:5)
  3 bats
  6 goblins
  19 kobolds
  3 rats
151 creatures vanquished.

Vanquished Creatures (collateral kills)
  An ironbound frostheart (IceCv)
  A two-headed ogre (D:7)
  6 death yaks
  3 cane toads (Lair:1)
  A black mamba (Lair:3)
  4 komodo dragons
  A rime drake (IceCv)
  2 polar bears (IceCv)
  2 blink frogs (Lair:3)
  2 wyverns
  13 yaks
  2 water moccasins
  An orc warrior (Bailey)
  2 ice beasts
  A sky beast (D:7)
  3 ogres
  6 wolves
  5 centaurs
  A kobold brigand (Sewer)
  A bullfrog (D:8)
  A scorpion (D:7)
  A water moccasin zombie (D:6)
  2 killer bees (D:8)
  2 wights (D:7)
  2 centaur zombies
  2 bullfrog skeletons
  A jelly (D:4)
  An iguana (D:5)
  2 orc wizards (D:6)
  A scorpion zombie (D:5)
  A howler monkey zombie (D:6)
  7 gnolls
  A shadow imp (D:5)
  2 worms
  A dart slug (D:2)
  6 orcs
  9 ball pythons
  3 endoplasms
  3 giant cockroaches
  3 goblins
  6 hobgoblins
  15 jackals
  3 kobolds
  2 quokkas
  3 bats
  6 rats
144 creatures vanquished.

Vanquished Creatures (others)
  3 death yaks
  A komodo dragon (Lair:1)
  A rime drake (IceCv)
  3 polar bears
  12 yaks
  A basilisk (Lair:4)
  5 wolves (IceCv)
  A centaur (Lair:3)
  A bullfrog (D:7)
  An orc wizard (D:6)
  A gnoll (D:7)
  A shadow imp (D:7)
  A goblin (D:7)
  28 fungi
  47 plants
107 creatures vanquished.

Grand Total: 402 creatures vanquished

Notes
Turn   | Place    | Note
-------+----------+-------------------------------------------
     0 | D:1      | grimtooth the Mummy Summoner began the quest for the Orb.
     0 | D:1      | Reached XP level 1. HP: 13/13 MP: 4/4
   489 | D:1      | Found a faded altar of an unknown god.
  1020 | D:1      | Reached XP level 2. HP: 19/19 MP: 0/5
  2224 | D:2      | Learned a level 2 spell: Call Imp
  2466 | D:2      | Reached XP level 3. HP: 24/24 MP: 1/7
  3982 | D:4      | Reached XP level 4. HP: 30/30 MP: 5/8
  3982 | D:4      | Noticed an ogre
  4387 | D:4      | - how am i very distant again
  4465 | D:4      | Found a glowing drain.
  4477 | D:4      | - made it!
  4478 | Sewer    | Entered a sewer
  4620 | Sewer    | Reached XP level 5. HP: 27/35 MP: 7/10
  4742 | Sewer    | Reached skill level 5 in Summonings
  4743 | Sewer    | Reached XP level 6. HP: 14/42 MP: 3/12
  5114 | Sewer    | Learned a level 3 spell: Call Canine Familiar
  5223 | Sewer    | Reached skill level 1 in Fighting
  5572 | D:4      | Reached XP level 7. HP: 39/51 MP: 9/13
  5853 | D:4      | Found a staircase to the Ecumenical Temple.
  5862 | Temple   | Entered the Ecumenical Temple
  6012 | Temple   | - now ash would be the sensible choice... but i need to kik
                  | it up a notch
  6025 | Temple   | Became a worshipper of Kikubaaqudgha
  6441 | D:5      | Entered Level 5 of the Dungeon
  6662 | D:5      | Reached skill level 5 in Spellcasting
  7791 | D:6      | Noticed a wyvern
  7803 | D:6      | Killed a wyvern
  7804 | D:6      | - that was unplesantly close
  8031 | D:6      | - vile clutch yeyeaah ๐ŸŽต
  8298 | D:6      | Reached XP level 8. HP: 51/58 MP: 14/17
  8883 | D:6      | Found the ring of Shadows {Umbra +Inv Stlth+}
  8903 | D:6      | Noticed a troll
  9106 | D:6      | - ah shit
  9158 | D:6      | - lucky again... course i was an idiot with the troll to
                  | begin
  9365 | D:6      | - and you just walked into this $%#! like an idiot again
  9513 | D:6      | Reached skill level 5 in Fighting
  9673 | D:6      | - ooh lajatang
  9677 | D:6      | Learned a level 3 spell: Summon Guardian Golem
  9759 | D:6      | - you again
  9769 | D:6      | Killed a troll
  9852 | D:7      | Reached * piety under Kikubaaqudgha
  9852 | D:7      | Received a gift from Kikubaaqudgha
  9853 | D:7      | Noticed a two-headed ogre
  9867 | D:7      | - oh gettin hairy
  9870 | D:7      | - where did this other frog come from
  9872 | D:7      | Found a flagged portal.
  9878 | D:7      | - all depends on the other side
  9879 | Bailey   | Entered a bailey
  9880 | Bailey   | - phew
 10196 | Bailey   | Noticed an orc warlord
 10228 | Bailey   | - oh not the exp
 10405 | Bailey   | Found a runed translucent gate.
 10411 | Bailey   | Found a runed translucent gate.
 10412 | Bailey   | Found a runed translucent gate.
 10851 | Bailey   | Learned a level 4 spell: Summon Lightning Spire
 10880 | Bailey   | - this is not goingn so well
 10938 | Bailey   | Acquired the +7 quarterstaff of Var Keg {vamp, rC+ Will+
                  | Int+3 Dex+4}
 10939 | Bailey   | - sweet staff though it dont really fit
 11183 | D:7      | Reached XP level 9. HP: 68/71 MP: 11/18
 11681 | D:7      | Killed a two-headed ogre
 11840 | D:7      | Reached ** piety under Kikubaaqudgha
 12198 | D:8      | Reached skill level 1 in Staves
 12550 | D:8      | Identified the ring of Ochu {Ice Str+2 Int+6}
 12552 | D:8      | - nice... eventually
 12939 | D:8      | Noticed a death yak
 13398 | D:8      | Reached skill level 1 in Air Magic
 13683 | D:8      | Reached XP level 10. HP: 58/83 MP: 14/19
 13694 | D:8      | Noticed a death yak
 13729 | D:8      | Killed a death yak
 13841 | D:8      | Noticed a death yak
 13867 | D:8      | Killed a death yak
 13923 | D:8      | Found a staircase to the Lair.
 13923 | D:8      | Noticed a death yak
 13923 | D:8      | Noticed a death yak
 13923 | D:8      | Noticed a death yak
 13967 | D:8      | Killed a death yak
 13978 | D:8      | Killed a death yak
 14095 | D:8      | Noticed a death yak
 14123 | D:8      | Killed a death yak
 14124 | D:8      | Reached skill level 1 in Hexes
 14363 | D:8      | Killed a death yak
 14376 | D:8      | Killed a death yak
 14377 | D:8      | Reached skill level 5 in Staves
 14655 | D:9      | Noticed a two-headed ogre
 14656 | D:9      | Found a transporter.
 14656 | D:9      | Noticed grimtooth's ghost (novice DjGl)
 14772 | D:9      | - oh this is close
 15067 | D:9      | - man i could get shafted
 15146 | Lair:1   | Entered Level 1 of the Lair of Beasts
 15157 | Lair:1   | Noticed a cane toad
 15177 | Lair:1   | Noticed a cane toad
 15251 | Lair:1   | Killed a cane toad
 15252 | Lair:1   | Reached skill level 1 in Evocations
 15424 | Lair:1   | Noticed Erica
 15545 | Lair:1   | Noticed a cane toad
 16258 | Lair:1   | Killed a cane toad
 16444 | Lair:1   | Reached XP level 11. HP: 89/89 MP: 15/20
 17089 | Lair:2   | Reached *** piety under Kikubaaqudgha
 17089 | Lair:2   | Received a gift from Kikubaaqudgha
 17104 | Lair:2   | Learned a level 4 spell: Animate Dead
 17777 | Lair:3   | Reached skill level 1 in Necromancy
 17826 | Lair:3   | Found a frozen archway.
 17827 | Lair:3   | - nice landing
 18019 | IceCv    | Entered an ice cave
 18882 | IceCv    | Reached skill level 5 in Necromancy
 20112 | IceCv    | Noticed a white ugly thing
 20162 | IceCv    | Killed a white ugly thing
 20294 | IceCv    | Reached **** piety under Kikubaaqudgha
 20300 | IceCv    | Noticed an ironbound frostheart
 20313 | IceCv    | Killed an ironbound frostheart
 20554 | IceCv    | Noticed an ironbound frostheart
 20554 | IceCv    | Noticed a death yak
 20554 | IceCv    | Noticed a death yak
 20580 | IceCv    | Killed an ironbound frostheart
 20629 | IceCv    | Reached XP level 12. HP: 38/95 MP: 16/23
 20938 | IceCv    | - same miskey TWICE
 20938 | IceCv    | Killed a death yak
 21341 | IceCv    | Killed a death yak
 21352 | IceCv    | Got Rod Rum's Grimoire of Excruciating Air
 21657 | Lair:3   | Learned a level 3 spell: Vampiric Draining
 21801 | Lair:3   | Found a staircase to the Shoals.
 22511 | Lair:3   | Reached skill level 5 in Evocations
 23645 | Lair:4   | Noticed a six-headed hydra
 23775 | Lair:4   | Noticed a catoblepas
 23799 | Lair:4   | Slain by a catoblepas

Illustrated notes ##### # #...# # #.#.# # #.#.# # #(#.######################## ######.#......................... ....>...........@................ ...#.#.#.#####.......######.....# ...#.#.......#.#####.# #...#.# .....#.#.###.#.# #.# #...... .....#...# #.# #.# #...... .O...#.#.. #.# #.# #...### .....#.#.#. #.# #.# # #...... ...#$#.#.#.# #.# #.# #.#....## ...#.#.#.# # #. ##.#....# ...#.#. .# #.......# ..?... .#.####....## Turn 4387 on D:4: - how am i very distant again ########## ##.โ‰ˆโ‰ˆโ‰ˆ+โ‰ˆโ‰ˆโ‰ˆ# #..โ‰ˆโ‰ˆโ‰ˆ#โ‰ˆ@โ‰ˆ# ## #....โ‰ˆ#5โ‰ˆโ‰ˆ# .# #...โ‰ˆโ‰ˆ'#### .# #...โ‰ˆโ‰ˆโ‰ˆโ‰ˆโ‰ˆโ‰ˆ# .# #......โ‰ˆ..# .# #.......โ‰ˆโ‰ˆ# .# ##.........# .# #..######### ########โ€ ## .......โ€ .# .......### Turn 4477 on D:4: - made it! โ‰ˆโ‰ˆยงยงยงโ‰ˆโ‰ˆโ‰ˆโ‰ˆโ‰ˆโ‰ˆโ‰ˆยงโ‰ˆโ‰ˆยงโ‰ˆยงยงโ‰ˆยงโ‰ˆโ‰ˆโ‰ˆโ‰ˆโ‰ˆโ‰ˆยงโ‰ˆ โ‰ˆยงยงโ‰ˆโ‰ˆโ‰ˆโ‰ˆโ‰ˆโ‰ˆยงยงโ‰ˆยงโ‰ˆยงยงโ‰ˆโ‰ˆโ‰ˆโ‰ˆยงยงโ‰ˆโ‰ˆโ‰ˆโ‰ˆยงโ‰ˆโ‰ˆ โ‰ˆโ‰ˆยงยงโ‰ˆโ‰ˆโ‰ˆโ‰ˆยงยงโ‰ˆโ‰ˆโ‰ˆยงยงยงโ‰ˆยงโ‰ˆโ‰ˆยงยงโ‰ˆโ‰ˆโ‰ˆโ‰ˆยงโ‰ˆโ‰ˆโ‰ˆโ‰ˆ โ‰ˆโ‰ˆโ‰ˆโ‰ˆโ‰ˆยงโ‰ˆโ‰ˆโ‰ˆโ‰ˆยงโ‰ˆโ‰ˆโ‰ˆ................. โ‰ˆโ‰ˆโ‰ˆโ‰ˆยงโ‰ˆโ‰ˆโ‰ˆยงยงยงโ‰ˆ................... ยงยงโ‰ˆโ‰ˆโ‰ˆโ‰ˆ..ยง.........._......._... โ‰ˆโ‰ˆ.ยง....ยงยง..................... ยง.........._................... โ‰ˆ.............................. ยง..._................._....... ยงโ‰ˆโ‰ˆ...........@................ ยงยงโ‰ˆยง............._..........._. ยงโ‰ˆโ‰ˆยงยง.......................... ยงโ‰ˆโ‰ˆโ‰ˆโ‰ˆโ‰ˆยง.._.............<....... โ‰ˆโ‰ˆโ‰ˆโ‰ˆยงยงโ‰ˆ........................ โ‰ˆโ‰ˆโ‰ˆยงโ‰ˆยงยงยงยง.........._......._... โ‰ˆโ‰ˆโ‰ˆโ‰ˆโ‰ˆยงยงยงโ‰ˆยง..................... โ‰ˆโ‰ˆยงโ‰ˆยงยงโ‰ˆโ‰ˆยง...._................ โ‰ˆโ‰ˆโ‰ˆโ‰ˆยงโ‰ˆยงยงโ‰ˆโ‰ˆ.................... โ‰ˆโ‰ˆโ‰ˆโ‰ˆโ‰ˆยงโ‰ˆโ‰ˆโ‰ˆโ‰ˆโ‰ˆ..........._....... ยงโ‰ˆยงโ‰ˆยงโ‰ˆโ‰ˆโ‰ˆโ‰ˆโ‰ˆโ‰ˆ.................. Turn 6012 on Temple: - now ash would be the sensible choice... but i need to kik it up a notch #....... #......# #...(..# #......# #......# .# ####+###......# .# #...........^.# .# #.............###.#### ##.......#####......... #........# #@...#### ....###.#### ##5...##### ... #.# #.........# #.# #..hโ€ 5....# #.# #.........# #.#######.........# ##'##.)..+.........# #........#.........# #........+....#:#### #........###.##.# #....<...# #. #.# Turn 7804 on D:6: - that was unplesantly close .............###.#### .......#####......... .......# #....#### ###.#### ##....##### #.# #.........# #.# #...รท.....# #.# #.........# #.#######.........# ##'##.)..+.........# #........#.........# #........+....#@#### #........###.##.# #....<...# #. #.# #(.......# #. #.# #....)...# #.# ..........# #.# #.......<.# #.# #.#+####### #.# #. . Turn 8031 on D:6: - vile clutch yeyeaah ๐ŸŽต ##.##.# ##'##.)..+.........# #.# #.##.###........#.........# #.# #.##..##........+....#.#### #.# #.###.##........###.##.# #.# #.# #..#....<...# #.##.# #.# #.# ##.#(.......# #.##.# #.# #.# #.#....)...# #.##.# #h# #.####..........# #.##.# #.# #....##.......<.# #.##.# #.# ####.##.#+#########.##.#### #.# #####.##...##.T.@.h..#.....# #.# #.......(..##.#########.######.# #.#######..##.# ##......h....# ..#......!>##.# #.....######## ..#.#########T# #..#### ..#.# #.# #..# ..#.# ###.#####..# .<#.# #..........# ..#.# #.#.######.# ....# #T#.# #.# ##### #.#.# #.# Turn 9106 on D:6: - ah shit # #.#.######.# # #T#.# #.# # #.#.# #.# #T#.######.# #.#......#.# #.###.####.# #######.# #.# #.# 5).T..ยง.# #.# #.# ######### #.# #.# #.# #.# #[# #@# #.# #.# #.####.# #......# ######## Turn 9158 on D:6: - lucky again... course i was an idiot with the troll to begin ######## #......# #######......############ #.......@..........).(... ##>................####### ..?..$........####..# ........########....## ........# #.....# ....O.$.# #.....# ........# #####.# # ......... ######.## # ##+###... ###โ‰ˆโ‰ˆโ‰ˆ###.#### #... ##โ‰ˆโ‰ˆโ‰ˆโ‰ˆ...##..## #โ‰ˆโ‰ˆโ‰ˆโ‰ˆ.....####. Turn 9365 on D:6: - and you just walked into this $%#! like an idiot again #.###.....##โ‰ˆโ‰ˆโ‰ˆโ‰ˆ...##..##.......# ...####...#โ‰ˆโ‰ˆโ‰ˆโ‰ˆ.....####........# ...# #...#โ‰ˆโ‰ˆโ‰ˆโ‰ˆโ‰ˆโ‰ˆ........###.#### ...####...#โ‰ˆโ‰ˆโ‰ˆโ‰ˆโ‰ˆโ‰ˆ........# #.# ......'...#โ‰ˆโ‰ˆโ‰ˆโ‰ˆโ‰ˆ........## #.# #######...#โ‰ˆโ‰ˆโ‰ˆโ‰ˆโ‰ˆโ‰ˆ...##### #.# #...##โ‰ˆโ‰ˆโ‰ˆ....###..# #.#### #....###โ‰ˆโ‰ˆ.###.##.# ##'##.) #######......##### #.##.###...... ......#..........# #.##..##...... ...............5@# #.###.##...... ........########## #.# #..#....<. ........# #.# ##.#(..... ......### #.# #.#....). ......## #.####........ .......# #....##....... ####..[# ####.##.#+#### #...# #####.##...##.. #...# #.......(..##.# #...# #######.#######..##.# #...# #.......#......!>##.# Turn 9673 on D:6: - ooh lajatang โ‰ˆโ‰ˆโ‰ˆ.....####........# #....#### โ‰ˆโ‰ˆโ‰ˆโ‰ˆโ‰ˆ........###.#### ##....#### โ‰ˆโ‰ˆโ‰ˆโ‰ˆโ‰ˆ........# #.# #......... โ‰ˆโ‰ˆโ‰ˆโ‰ˆ........## #.# #......... โ‰ˆโ‰ˆโ‰ˆโ‰ˆโ‰ˆ...##### #.# #......... โ‰ˆโ‰ˆโ‰ˆ....###..# #.#######......... ##โ‰ˆโ‰ˆ.###.##.# ##'##.)..'......... .##### #.##.###........#......... .....# #.##..##........'....#.### .....# #.###.##........###.##.# ###### #.# #..#.@..<...# #.##.# #.# ##.#(.......# #.##.# #.# #.#....)...# #.##.# #.####..........# #.##.# #....##.......<.# #.##.# ####.##.#'#########.##.### #####.##...##..Th.h..#..... #.......T..##.#########.### #######.#######..##.# ##....... #.......#......!>##.# #.....### #.......#.#########T# #..#### Turn 9759 on D:6: - you again ###### #....# ### #....# ..# #....# ..# #....# ..##### # ##@...###### ......#.# #.F.ยง....... ......... #.ยง...#..... ......... #.ยง<ยงโ€ ..(... .<.....>. #5ยงยงDโ˜ผ#.... ..###.... #....ยง.h# ... ..# # #........gg... ..# .(.........Og.. ... #..........ยง.... #.. #............g.. ### #####.###..โ‰ˆโ‰ˆ(โ‰ˆโ‰ˆ Turn 9867 on D:7: - oh gettin hairy ###### #....# ### #....# ..# #....# ..# #@5..# ..##### # ##F...###### ......#.# #.5D........ ......... #.F...#..... ......... #.g<ยงโ€ ..(... .<.....>. #.h.gยฐ#O... ..###.... #......g#.... ..# # #............. ..# .(..........g.. ... #..........ยง.... #.. #............g.. Turn 9870 on D:7: - where did this other frog come from ...##. #Fhยง..#..... .......#ยงยง<ยงO5.(... >. ....#ยงg.g.#.... .. ###.ยงยง.g.5#.......... # #...ยงยงD(O............ ...(................... #.#.................... #.................... #####.###..โ‰ˆโ‰ˆ(โ‰ˆโ‰ˆ..... #.. #.โ‰ˆ...โ‰ˆ..... #.. ##.โ‰ˆ>@.โ‰ˆ..... #.. #..โ‰ˆ...โ‰ˆ..#.# #..โ‰ˆโ‰ˆโ‰ˆโ‰ˆโ‰ˆ..# ...........).# ....###.##...# ... #.. ..... .. #.. ###### . #.. #..# Turn 9878 on D:7: - all depends on the other side #โ‰ˆโ‰ˆโ™ฃ #โ‰ˆโ‰ˆโ™ฃ ##โ‰ˆโ‰ˆโ™ฃ ##...โ™ฃ ##....โ™ฃ #.....โ™ฃโ™ฃ +......โ™ฃ +...@.โˆฉโ™ฃ +......โ™ฃ #.....โ™ฃโ™ฃ ##....โ™ฃ ##...โ™ฃ ##โ‰ˆโ‰ˆโ™ฃ #โ‰ˆโ‰ˆโ™ฃ #โ‰ˆโ‰ˆโ™ฃ Turn 9880 on Bailey: - phew ....8.. #โ‰ˆโ‰ˆโ™ฃ #..... #โ‰ˆโ‰ˆโ™ฃ โ‰ˆโ‰ˆ #..... ##โ‰ˆโ‰ˆโ™ฃ .}โ‰ˆ#.....##...โ™ฃ .!โ‰ˆ#....##....โ™ฃ 8.8##....#)....โ™ฃโ™ฃ ...#....)'!.....โ™ฃ ...#.....'[..โˆฉ.โˆฉโ™ฃ .o#.....'.รท....โ™ฃ .8##....#)....โ™ฃโ™ฃ .?โ‰ˆ#...@##....โ™ฃ } #.....##...โ™ฃ ##......##โ‰ˆโ‰ˆโ™ฃ .#########........#โ‰ˆโ‰ˆโ™ฃ .'.....'....8..8..#โ‰ˆโ‰ˆโ™ฃ .#โ‰ˆโ‰ˆโ‰ˆโ‰ˆโ‰ˆ#..........#โ‰ˆโ‰ˆโ™ฃ #โ‰ˆโ‰ˆโ‰ˆโ‰ˆโ‰ˆ#.........##โ‰ˆโ‰ˆโ™ฃ #โ‰ˆโ‰ˆโ‰ˆโ‰ˆโ‰ˆ##...8...##โ‰ˆโ‰ˆโ‰ˆโ™ฃ #...... ##.....## โ‰ˆโ™ฃโ™ฃ K.KK... ##...## โ™ฃโ™ฃ..... ##### Turn 10228 on Bailey: - oh not the exp ##.....#โ‰ˆโ‰ˆ#โ‰ˆ. ...}โ‰ˆ#..... ##)...#โ‰ˆ........!โ‰ˆ#....# #...##โ‰ˆ8.8...8.8##....# #...'โ‰ˆโ‰ˆ........o#....)) #...'โ‰ˆโ‰ˆ....โˆฉ....#.....' #..)'โ‰ˆโ‰ˆ.........#.....' #...##โ‰ˆ8.8...8.8##....# ##....#โ‰ˆ........?g#....# ##.....#โ‰ˆโ‰ˆ#โ‰ˆ.. ..}โ‰ˆ#..... ##...ยง..####โ‰ˆโ‰ˆ โ‰ˆโ‰ˆโ‰ˆ##..... #...8....@.#########...... #....g.h...'.....'...)8..8 #....5o....#โ‰ˆโ‰ˆโ‰ˆโ‰ˆโ‰ˆ#........ ##..8..8...#โ‰ˆโ‰ˆโ‰ˆโ‰ˆโ‰ˆ#........ ##...5...##โ‰ˆโ‰ˆโ‰ˆโ‰ˆโ‰ˆ##...8... ##.....##...K...##.....# ##...##........K##...## #####โ™ฃโ™ฃโ™ฃ.....โ™ฃโ™ฃโ™ฃ##### โ™ฃโ™ฃโ™ฃโˆฉโ™ฃโ™ฃโ™ฃ Turn 10880 on Bailey: - this is not goingn so well ##.......##โ‰ˆโ‰ˆโ‰ˆโ‰ˆโ‰ˆ##...8...## โ‰ˆโ‰ˆโ™ฃ

##..8..8...#โ‰ˆโ‰ˆโ‰ˆโ‰ˆโ‰ˆ#.........##โ‰ˆโ‰ˆโ™ฃ
#!.........#โ‰ˆโ‰ˆโ‰ˆโ‰ˆโ‰ˆ#..........#โ‰ˆโ‰ˆโ™ฃ
#....).....'.....')...8..8..#โ‰ˆโ‰ˆโ™ฃ
#...8......#########........#โ‰ˆโ‰ˆโ™ฃ
##..)...####โ‰ˆโ‰ˆโ‰ˆ#โ‰ˆโ‰ˆโ‰ˆ##......##โ‰ˆโ‰ˆโ™ฃ
##.....#โ‰ˆโ‰ˆ#โ‰ˆ.....}โ‰ˆ#.....##...โ™ฃ
##)...#โ‰ˆ........!โ‰ˆ#....##....โ™ฃ
#...##โ‰ˆ8.8...8.8##....#)....โ™ฃ
#...+โ‰ˆโ‰ˆ.........#....))!.....
#..h+โ‰ˆโ‰ˆ....โˆฉ@...#o....'[..โˆฉ.โˆฉ
#..)+โ‰ˆโ‰ˆ.........#g....'......
#...##โ‰ˆ8.8...8.8##....#)....โ™ฃ
##...5#โ‰ˆ.........โ‰ˆ#....##....โ™ฃ
##....5#โ‰ˆโ‰ˆ#โ‰ˆ......โ‰ˆ#.....##...โ™ฃ
##......####โ‰ˆโ‰ˆโ‰ˆ#โ‰ˆโ‰ˆโ‰ˆ##......##โ‰ˆโ‰ˆโ™ฃ
#...8......#########........#โ‰ˆโ‰ˆโ™ฃ
#..........'..g.h'...)8..8..#โ‰ˆโ‰ˆโ™ฃ
#..........#โ‰ˆโ‰ˆโ‰ˆโ‰ˆโ‰ˆ#..........#โ‰ˆโ‰ˆโ™ฃ
##..8..8...#โ‰ˆโ‰ˆโ‰ˆโ‰ˆโ‰ˆ#.........##โ‰ˆโ‰ˆโ™ฃ
##.......##โ‰ˆโ‰ˆโ‰ˆโ‰ˆโ‰ˆ##...8...##โ‰ˆโ‰ˆโ‰ˆโ™ฃ


Turn 10939 on Bailey: - sweet staff though it dont really fit ### #.. #.####
#.#..# #.#..# #.#..# ######.#..# #(.[......# # #.####.#.##.# #.####.#.@..#
#......###### #..##### #..####### #..#.....# #..#.....### #...........
##.#.....#... #.#......... #>##!####... #.#...!..... Turn 12552 on D:8: -
nice... eventually #...># #....# #....##### #........# #........# ##........####
.............. ............... ##............. #............########
####...#####.#.@....# #...# #.#ยงh....# #...# #.#.y55.(# #...# #.##'#+###..
#...#####..........> #.........########## #.........# #.........# #.........#
#.........# #.........# Turn 14772 on D:9: - oh this is close
############......# #......# #......# +.(....# #.[....# #......# #......#
#......# ###.....## #.......# #......@# #..........# #..........# #.....######
.......# .......# ....... .>... Turn 15067 on D:9: - man i could get shafted .#
.## ## #.. ##. ..# # #. .. .. .## #.# .#. ...# #..#.#...P# #.@.# #..#.#...# ##
.#. ### .. .# ##. ## ## Turn 17827 on Lair:3: - nice landing #...## ##.#####
#.8..## ##[#..## ##.....# #......# #...#..## #.โŒ .##.## ##..###..# #...##..#
#..## ##.####.####.# #.## #..# #####[.# #.## #..## ##...### ##.# ##..# #...#..#
##.# ##.# #...#.## #..# #@.# ##..#### #.## #Y.###...# #.## #8###...## ##.###
#.###..## #.#.# ##.#8..# #...## #.#..## ##.#.# #...## #.##.## ##.## #.###.# ###
##.#..# ##.##.## Turn 20938 on IceCv: - same miskey TWICE

Levels and vault maps discovered:
D:1:      dpeg_arrival_signposts, layout_basic,
          dreamdust_ecumenical_altar_statues
D:2:      layout_loops_ring
D:3:      layout_loops_ring, minmay_misc_feat_secret_circle,
          minmay_misc_feat_five
D:4:      layout_basic, minmay_temple_entry_poolview, portal_sewer_entry_e,
          grunt_ministairs_14
D:5:      layout_basic
D:6:      layout_basic, nicolae_underground_beach
D:7:      layout_basic, enter_bailey_5, corexii_checkpoint_b
D:8:      layout_basic, dpeg_lair_monsters
D:9:      layout_irregular_city, fiery_altar_vehumet, serial_column_ruins,
          column_ruins_pillar_3, column_ruins_pillar_3, column_ruins_pillar_1,
          column_ruins_pillar_6, column_ruins_pillar_9, column_ruins_pillar_7,
          column_ruins_pillar_3, column_ruins_pillar_1, column_ruins_pillar_2,
          column_ruins_pillar_11, column_ruins_pillar_2, column_ruins_pillar_2,
          column_ruins_pillar_9, column_ruins_pillar_7, column_ruins_pillar_6,
          gammafunk_ghost_smash
Temple:   compressed_dpeg_triangle_lava_temple
Lair:1:   layout_chaotic_city, serial_bayou_shore_a, uniq_erica
Lair:2:   layout_cave_pods, minivault_27
Lair:3:   layout_gridlike, minmay_shoals_entry_centaurs,
          portal_ice_cave_entry_pillars_2
Lair:4:   layout_roguey [special_room_bee], spider_nest_entry_a, basic_altar,
          grunt_megastairs_1, serial_bayou_shore_b

Skill      XL: |  1  2  3  4  5  6  7  8  9 10 11 12 |
---------------+-------------------------------------+-----
Summonings     | 4 6 7 8 9 |  9.0
Spellcasting   | 3 4 6 7 9 |  9.0
Fighting       | 2 3 6 9 |  9.0
Staves         | 2 6 |  6.8
Air Magic      | 1 3 |  3.0
Hexes          | 3 |  3.0
Evocations     | 2 4 6 |  6.0
Necromancy     | 8 9 |  9.0
Dodging        | |  1.5
Stealth        | |  1.5

Action                   |  1- 3 |  4- 6 |  7- 9 | 10-12 || total
-------------------------+-------+-------+-------+-------++-------
Melee: Unarmed           |    26 |       |       |       ||    26
       Short sword       |    29 |     9 |   119 |       ||   157
       Whip              |    18 |    85 |     8 |       ||   111
       Quarterstaff      |       |       |    89 |   304 ||   393
Throw: Stone             |     4 |     6 |    19 |       ||    29
       Dart              |       |     2 |    24 |    72 ||    98
       Throwing net      |       |       |     1 |       ||     1
 Cast: Summon Small Mamm |    87 |    17 |     8 |     2 ||   114
       Call Imp          |     5 |    15 |    72 |    99 ||   191
       Call Canine Famil |       |     1 |    43 |    35 ||    79
       Summon Guardian G |       |       |     2 |    27 ||    29
       Summon Lightning  |       |       |     1 |    14 ||    15
       Animate Dead      |       |       |       |    20 ||    20
       Vampiric Draining |       |       |       |    24 ||    24
Invok: Receive Corpses   |       |       |       |     1 ||     1
Evoke: Wand              |       |     6 |    10 |     9 ||    25
       Lightning rod     |       |       |       |     3 ||     3
  Use: Scroll            |       |     1 |    12 |    10 ||    23
 Stab: Sleeping          |     1 |     2 |     3 |     1 ||     7
       Distracted        |     1 |     2 |     1 |     2 ||     6
       Paralysed         |       |       |       |     6 ||     6
Armor: Robe              |    23 |     8 |    52 |    84 ||   167
Dodge: Dodged            |    86 |    69 |   203 |   215 ||   573
